Map: Ruins of Seras

Players

Dayshi

  • Race: Terran Terran
  • League: Grandmaster

Elazer - Winner!

  • Race: Zerg Zerg
  • League: Grandmaster

Event: Homestory Cup XII

VOD

Have the link to the VOD?

Description

Time

  • Played on: Dec. 19, 2015, 12:45 p.m.
  • Length: 11:04

All games in this series

Show
View Real Time Build Order
Export as new Build Order

Dayshi Terran 

Build Orders: Reaper Expand, MMM Bio 

Get SALT Encoding   

  12  0:00  SCV  
  13  0:13  SCV  
  14  0:17  Supply Depot  
  14  0:25  SCV  
  15  0:39  SCV  
  15  0:42  Barracks  
  16  0:46  Refinery  
  16  0:51  SCV  
  17  1:03  SCV  
  18  1:15  SCV  
  19  1:29  Reaper, Orbital Command  
  20  1:44  Command Center  
  20  1:53  Supply Depot  
  20  1:56  SCV  
  21  2:08  SCV  
  22  2:12  Marine  
  22  2:13  Factory  
  23  2:20  Refinery  
  23  2:21  SCV  
  24  2:31  Barracks Reactor  
  24  2:34  SCV  
  24  2:47  SCV  
  25  2:56  Orbital Command  
  25  2:57  Widow Mine  
  27  2:59  Starport  
  27  3:01  SCV  
  28  3:07  Marine x2  
  30  3:13  SCV  
  31  3:21  SCV  
  31  3:25  SCV, Marine x2  
  35  3:33  SCV, Supply Depot  
  35  3:34  Factory Tech Lab  
  36  3:36  Medivac  
  36  3:37  SCV  
  39  3:45  SCV, Marine  
  39  3:46  Marine  
  42  3:49  SCV  
  42  3:53  Siege Tank  
  46  3:56  Supply Depot  
  46  3:58  SCV  
  46  4:00  Liberator  
  46  4:01  SCV  
  48  4:10  SCV  
  48  4:13  SCV, Marine x2  
  52  4:18  Supply Depot  
  55  4:24  Command Center  
  55  4:26  SCV  
  55  4:27  SCV  
  57  4:38  SCV  
  54  4:41  Hellion x2  
  54  4:42  Marine  
  54  4:43  SCV, Stimpack  
  57  4:50  SCV, Liberator  
  58  4:55  SCV  
  58  4:56  Bunker  
  57  5:02  SCV, Hellion x2, Engineering Bay  
  57  5:04  Engineering Bay  
  62  5:07  SCV  
  62  5:08  Marine  
  67  5:16  Supply Depot  
  67  5:20  SCV  
  67  5:21  SCV  
  69  5:23  Refinery x2  
  69  5:26  Marine  
  70  5:32  Barracks x2  
  70  5:33  Terran Infantry Weapons Level 1  
  70  5:36  Factory Reactor  
  70  5:37  Orbital Command  
  70  5:44  SCV  
  70  5:45  SCV, Terran Infantry Armor Level 1  
  69  5:50  Supply Depot  
  69  5:53  Marine, Orbital Command  
  70  5:58  Barracks  
  70  5:59  Barracks  
  70  6:00  SCV x2  
  72  6:06  Starport Reactor  
  72  6:12  SCV x2  
  72  6:17  Marauder  
  76  6:28  SCV  
  76  6:29  SCV x2, Armory  
  76  6:30  Supply Depot  
  76  6:32  Factory Reactor  
  79  6:34  Marine x2  
  79  6:35  Marine x2  
  79  6:38  Marine  
  84  6:40  SCV  
  84  6:41  SCV  
  84  6:42  Medivac x2  
  84  6:43  Combat Shields  
  84  6:44  SCV  
  84  6:46  Barracks Reactor x2  
  91  6:51  Supply Depot  
  91  6:52  Marine x3  
  91  6:53  SCV x2, Marine  
  97  6:56  SCV, Marine  
  99  7:05  SCV x2  
  99  7:06  Supply Depot x2  
  99  7:07  Supply Depot  
  100  7:10  Marine x3  
  100  7:11  Marine  
  106  7:16  Hellion x2  
  106  7:17  SCV x3  
  106  7:21  Refinery  
  106  7:22  Supply Depot  
  111  7:25  Marine x4  
  111  7:27  Medivac x2  
  111  7:29  Terran Infantry Weapons Level 2  
  119  7:34  Marine  
  119  7:35  Marine x3  
  119  7:36  Supply Depot  
  121  7:37  Supply Depot  
  121  7:39  Marine  
  121  7:43  Marine  
  123  7:44  Terran Infantry Armor Level 2  
  123  7:50  Bunker  
  123  7:51  Bunker  
  123  7:52  Marine  
  123  7:54  Marine x3  
  123  7:55  Marine x3  
  123  7:58  Marauder  
  132  8:00  Marine  
  131  8:10  Hellbat, Marine  
  131  8:11  Hellbat  
  131  8:12  Medivac x2, Marine x2  
  138  8:13  Marine x2  
  138  8:18  Marine x2  
  142  8:25  Marine  
  142  8:26  Refinery, Marauder  
  145  8:28  Marine  
  145  8:30  Marine x3  
  145  8:31  Marine  
  150  8:36  Marine x2  
  145  8:42  Medivac x2  
  145  8:43  Marine  
  145  8:46  Marine  
  145  8:47  Marine x2  
  145  8:48  Marine x3  
  128  8:54  Marine x2  
  126  8:56  Hellbat x2  
  126  9:01  Marine  
  123  9:04  Marine  
  123  9:05  Marine x2, Marauder  
  123  9:06  Marine x2  
  123  9:09  SCV x3  
  102  9:12  Marine x2  
  89  9:19  Marine  
  89  9:21  SCV x3, Marine  
  89  9:23  Marine x2  
  93  9:24  Marine x2  
  93  9:26  Marauder  
  93  9:29  Marine  
  93  9:30  Marine  
  99  9:34  Hellbat x2  
  99  9:36  Marine  
  104  9:39  Marine  
  104  9:41  Marine x2  
  104  9:42  Marine  
  104  9:56  Marauder, Marine  
  91  10:00  Marine  
  91  10:01  Marine x3  
  91  10:02  Hellbat  
  91  10:05  Marine x3  
  86  10:07  Hellbat  
  86  10:14  Marine  
  80  10:17  Marine  
  80  10:18  Marine  
  80  10:19  Marine x2  
  77  10:24  Marine x2  
  77  10:27  Marine x2  
  77  10:31  Marine  
  77  10:35  Marine  
  69  10:36  Hellbat x2  
  69  10:38  Marine x2  
Show
View Real Time Build Order
Export as new Build Order

Elazer Zerg - Winner!

Build Orders: Hatch First 

Get SALT Encoding   

  12  0:00  Drone  
  13  0:12  Overlord  
  13  0:17  Drone  
  14  0:31  Drone x2  
  14  0:34  Drone  
  17  0:52  Hatchery  
  17  0:55  Drone  
  17  0:59  Drone  
  18  1:09  Extractor  
  17  1:14  Spawning Pool  
  17  1:17  Drone  
  17  1:20  Drone  
  18  1:28  Drone  
  19  1:39  Overlord  
  19  2:01  Queen  
  19  2:02  Zergling x4  
  19  2:04  Queen  
  19  2:05  Drone  
  26  2:10  Metabolic Boost  
  26  2:11  Drone  
  26  2:15  Drone  
  28  2:23  Drone  
  28  2:28  Drone  
  30  2:36  Drone  
  31  2:42  Queen  
  31  2:43  Drone x2  
  34  2:48  Drone  
  35  2:57  Hatchery  
  34  3:00  Drone  
  34  3:04  Overlord  
  35  3:17  Drone  
  36  3:22  Overlord, Queen  
  36  3:23  Drone x2  
  36  3:24  Drone x2  
  42  3:28  Drone x2  
  44  3:35  Overlord  
  44  3:39  Extractor  
  44  3:40  Baneling Nest  
  40  3:44  Drone x2  
  43  3:48  Drone x2  
  43  3:54  Spore Crawler  
  43  3:56  Drone x4, Extractor  
  43  4:00  Queen  
  48  4:07  Overlord  
  48  4:09  Drone x2  
  50  4:10  Drone  
  50  4:16  Lair  
  51  4:28  Drone  
  51  4:29  Roach Warren, Zergling x6  
  51  4:30  Zergling x2  
  55  4:35  Zergling x4  
  55  4:36  Zergling x2  
  58  4:46  Overlord  
  56  4:53  Drone x9  
  65  5:00  Drone x4  
  69  5:07  Evolution Chamber  
  69  5:09  Evolution Chamber, Drone x2  
  69  5:13  Drone x3  
  72  5:16  Drone x2  
  72  5:20  Glial Reconstitution  
  72  5:21  Overlord  
  72  5:23  Drone  
  72  5:26  Drone x2  
  75  5:29  Extractor  
  75  5:30  Drone x2  
  75  5:31  Extractor  
  75  5:41  Queen  
  75  5:42  Spore Crawler  
  73  5:44  Spore Crawler  
  73  5:47  Drone x5  
  73  5:48  Drone x3  
  81  5:52  Zerg Missile Weapons Level 1, Zerg Ground Armor Level 1  
  81  5:57  Drone x4  
  81  6:00  Overlord  
  81  6:01  Roach  
  86  6:07  Roach x2, Extractor  
  89  6:13  Overlord x2  
  87  6:28  Roach x5  
  97  6:34  Hatchery, Overlord  
  96  6:40  Roach x8  
  96  6:45  Overlord x2  
  112  6:49  Ravager  
  113  6:54  Roach  
  113  6:55  Roach x3  
  113  6:56  Drone  
  120  7:01  Drone  
  120  7:05  Roach x6  
  132  7:15  Roach x3  
  136  7:17  Overlord x3  
  136  7:26  Overlord  
  136  7:27  Overlord  
  136  7:35  Roach  
  136  7:36  Roach x5  
  148  7:42  Roach x5  
  158  7:44  Overlord x2  
  158  7:47  Roach x2  
  158  7:51  Roach  
  164  7:54  Roach x2  
  164  7:56  Ravager x9  
  177  7:58  Ravager  
  177  7:59  Ravager x3  
  174  8:07  Roach  
  174  8:08  Roach x3  
  175  8:14  Ravager x3  
  178  8:23  Roach x4  
  186  8:33  Roach x2  
  183  8:46  Roach x7  
  183  8:47  Roach x4  
  174  8:57  Queen  
  174  8:59  Queen  
  160  9:05  Roach  
  160  9:06  Roach x6  
  153  9:13  Roach x4  
  143  9:18  Roach x2  
  133  9:26  Roach x5  
  141  9:39  Roach x4  
  141  9:40  Roach  
  141  9:42  Ravager x3  
  141  9:43  Ravager x2  
  156  9:46  Overlord  
  156  9:47  Overlord  
  154  9:59  Roach x3  
  148  10:00  Roach x5  
  148  10:05  Roach x4  
  144  10:11  Roach x3  
  142  10:18  Roach  
  142  10:25  Roach x4  
  139  10:36  Roach x2  
  139  10:37  Roach x4  
  139  10:43  Roach x2  
  139  10:44  Roach  
  145  10:59  Ravager x3  
Tags
 
Add a new tag
Caveats
  • Supply blocks, unpowered buildings, or Contaminate may cause inaccurate times.
  • Supply counts are checked every 10 seconds.